AoeStats
← doofgod

Arena

504381318Analyzed
3v3 RM · 28d ago on Sep 5, 2026· 25m 44s· 6 players
Game mode
Random Map
Map size
Normal (6 player)
Population
200
Speed
Normal
Resources
Standard
Victory
Conquest
Starting age
Dark Age
Ending age
Imperial Age
RankedLock teamsTeams togetherTeam positionsShared explorationLock speedFull tech treeHidden civsTurbo modeCheats
Victory
Defeat
🇺🇸 Bohemians · United States
1361
+16
🇺🇸 Cumans · United States
1297
+18
🇺🇸 Mongols · United States
1296
+18
1423
-20
🇦🇷 Poles · Argentina
1339
-17
🇦🇷 Wei · Argentina
1296
-15
El Maxo
3:33 Loom
10:39 Feudal Age
15:25 Castle Age
13:50 Double-Bit Axe
16:18 Bow Saw
16:02 Gold Mining
17:08 Horse Collar
憂鬱的蛞蝓貓盪鞦韆
6:35 Loom
10:17 Feudal Age
11:25 Double-Bit Axe
14:19 Castle Age
12:51 Horse Collar
19:03 Town Watch
21:46 Wheelbarrow
21:11 Town Patrol
21:46 Bow Saw
21:29 Gold Mining
21:50 Heavy Plow
23:03 Stone Mining
Skavio22
11:04 Feudal Age
12:34 Double-Bit Axe
15:00 Castle Age
13:22 Horse Collar
15:55 Bow Saw
21:05 Loom
23:10 Wheelbarrow
24:02 Szlachta Privileges
25:18 Scale Barding Armor
26:05 Bloodlines
draps
6:32 Loom
9:10 Feudal Age
10:01 Double-Bit Axe
9:58 Horse Collar
20:10 Wheelbarrow
21:54 Castle Age
20:03 Scale Mail Armor
20:17 Gold Mining
20:47 Forging
20:25 Arson
22:53 Pikeman
22:54 Capped Ram
24:01 Bow Saw
23:52 Heavy Plow
24:28 Squires
LeoOnTheGo
10:22 Feudal Age
15:23 Castle Age
13:53 Double-Bit Axe
14:22 Horse Collar
19:57 Fletching
19:55 Loom
21:28 Bodkin Arrow
22:28 Bow Saw
22:50 Padded Archer Armor
26:04 Wheelbarrow
doofgod
11:02 Feudal Age
14:45 Castle Age
14:09 Double-Bit Axe
14:06 Horse Collar
16:38 Bow Saw
17:21 Fervor
21:29 Heavy Plow
23:37 Wheelbarrow
24:59 Hand Cart
Connection lost

Rejoining the realm…

Still unreachable

The connection could not be restored.

Session expired

The server has moved on; the page needs a fresh start.